 Dungeon Crawl Stone Soup version 0.30-a0-779-g7971cf19c3 (webtiles) character file.

Game seed: 16644819978238040037

537068 Querens the Acrobat (level 24, -13/120 HPs)
             Began as a Spriggan Hexslinger on Feb 14, 2023.
             Was a High Priest of Okawaru.
             Killed by the air
             ... invoked by Sojobo
              (36 damage)
             ... on level 1 of the Depths on Feb 17, 2023.
             The game lasted 05:42:07 (40901 turns).

Querens the Acrobat (Spriggan Hexslinger)          Turns: 40901, Time: 05:42:08

Health: -13/120    AC: 12    Str: 10    XL:     24   Next: 4%
Magic:  42/46      EV: 45    Int: 17    God:    Okawaru [*****.]
Gold:   1732       SH: 16    Dex: 30    Spells: 29/60 levels left

rFire   + + .      SeeInvis +    Q - +9 hand crossbow (heavy)
rCold   + + .      Faith    .    z - +3 warlock's mirror {omnireflect}
rNeg    . . .      Spirit   .    N - +4 troll leather armour
rPois   +          Reflect  +    b - +3 hat of Eshri {rPois Int+3}
rElec   .          Harm     .    W - +0 cloak
rCorr   .          Rampage  .    (gloves unavailable)
Will    ++++.                    (boots unavailable)
Stlth   ++++++                   f - amulet of reflection
HPRegen 1.20/turn                C - ring "Ituamm" {Fly rF+ Dex+3}
MPRegen 0.30/turn                H - ring "Satasset" {rC++ Dex+4 Slay+4}

@: portalling projectiles, flying, very quick
A: very small, no large weapons, unfitting armour, see invisible, speed 3,
clumsy 1, fire resistance 1, strong 1
}: 4/15 runes: decaying, serpentine, slimy, silver
a: Renounce Religion, Heroism, Finesse, Duel


You were on level 1 of the Depths.
You worshipped Okawaru.
Okawaru was extremely pleased with you.
You visited 9 branches of the dungeon, and saw 42 of its levels.
You also visited: Sewer, Bailey and Ice Cave.

You collected 6163 gold pieces.
You spent 4431 gold pieces at shops.

Inventory:

Hand Weapons
 Q - a +9 heavy hand crossbow (weapon)
Armour
 b - the +3 hat of Eshri (worn) {rPois Int+3}
   (You acquired it on level 5 of the Lair of Beasts)

   Int:       It affects your intelligence (+3).
   rPois:     It protects you from poison.
 d - the +3 buckler "Yneosav" {+Inv}
   (You acquired it on level 6 of the Dungeon)

   +Inv:      It lets you turn invisible.
 i - the +1 robe "Jitel" {rN+ Stlth+}
   (Okawaru gifted it to you on level 2 of the Snake Pit)

   rN:        It protects you from negative energy.
   Stlth:     It makes you more stealthy.
 t - a +1 buckler of cold resistance
 w - the +1 cloak of the Eagle {Harm rF+ Will+}
   (You found it on level 6 of the Dungeon)

   rF:        It protects you from fire.
   Harm:      It increases damage dealt and taken.
   Will:      It increases your willpower.
 z - the +3 warlock's mirror (worn) {omnireflect}
   (Okawaru gifted it to you on level 2 of the Vaults)

   Omnireflect: It can block and reflect piercing ranged attacks and magical
   attacks against the wielder's willpower.
 F - the +1 buckler of the Ladybird {rPois rF- rCorr}
   (You found it on level 8 of the Dungeon)

   rF:        It makes you vulnerable to fire.
   rPois:     It protects you from poison.
   rCorr:     It protects you from acid and corrosion.
 L - the +2 robe of the Merchant {rF+ Archmagi}
   (You found it on level 9 of the Dungeon)

   rF:        It protects you from fire.
   Archmagi:  It increases the power of your magical spells.
 N - a +4 troll leather armour (worn)
 V - the +1 robe of Submission {rC++}
   (Okawaru gifted it to you on level 3 of the Lair of Beasts)

   rC:        It greatly protects you from cold.
 W - a +0 cloak (worn)
Jewellery
 f - an amulet of reflection (around neck)
 C - the ring "Ituamm" (left hand) {Fly rF+ Dex+3}
   (You found it on level 13 of the Dungeon)

   [ring of flight]

   Dex:       It affects your dexterity (+3).
   rF:        It protects you from fire.
   Fly:       It grants you flight.
 D - the ring "Justrusoi" {MP+9 Dex+6}
   (You found it on level 5 of the Vaults)

   [ring of magical power]

   Dex:       It affects your dexterity (+6).
   MP:        It affects your magic capacity (+9).
 G - a +6 ring of intelligence
 H - the ring "Satasset" (right hand) {rC++ Dex+4 Slay+4}
   (You found it on level 5 of the Pits of Slime)

   [ring of slaying]

   Dex:       It affects your dexterity (+4).
   Slay:      It affects your accuracy & damage with ranged weapons and melee
   (+4).
   rC:        It greatly protects you from cold.
Wands
 e - a wand of mindburst (55)
 R - a wand of acid (27)
 S - a wand of roots (15)
Scrolls
 g - 6 scrolls of fear
 h - 13 scrolls of teleportation
 l - 4 scrolls of amnesia
 m - 6 scrolls of blinking
 p - 7 scrolls of magic mapping
 q - 8 scrolls of fog
 s - 9 scrolls of immolation
 v - 3 scrolls of enchant weapon
 K - 5 scrolls of poison
 M - 3 scrolls of summoning
 T - a scroll of silence
Potions
 a - 4 potions of brilliance
 j - 2 potions of ambrosia
 n - 6 potions of might
 r - 2 potions of resistance
 u - 9 potions of haste
 x - 9 potions of heal wounds
 A - a potion of mutation
 B - 4 potions of cancellation
 E - 10 potions of curing
 I - 13 potions of flight
 J - 8 potions of lignification
 P - 3 potions of invisibility
 X - 4 potions of berserk rage
 Z - 2 potions of magic
Miscellaneous
 c - a lightning rod (4/4)
 o - a tin of tremorstones (2/2)
 y - a phial of floods
 U - a condenser vane


   Skills:
 - Level 10.0 Fighting
 - Level 22.0 Ranged Weapons
 - Level 22.0 Dodging
 + Level 14.2 Stealth
 - Level 6.0 Shields
 + Level 18.7 Spellcasting
 + Level 18.9 Hexes
 - Level 7.5 Translocations
 - Level 1.7 Transmutations
 - Level 15.0 Invocations
 - Level 14.2 Evocations


You had 29 spell levels left.
You knew the following spells:

 Your Spells              Type           Power      Damage    Failure   Level
a - Slow                  Hex            100%       N/A       0%          1
b - Portal Projectile     Hex/Tloc       100%       N/A       1%          3
c - Cause Fear            Hex            34%        N/A       1%          4
d - Statue Form           Tmut/Erth      12%        N/A       100%        6
e - Metabolic Englaciati  Hex/Ice        24%        N/A       4%          5
f - Blink                 Tloc           82%        N/A       1%          2
g - Discord               Hex            34%        N/A       24%         8
h - Passwall              Tmut/Erth      15%        N/A       10%         2

Your spell library contained the following spells:

 Spells                   Type           Power      Damage    Failure   Level
 Confusing Touch          Hex            69%        N/A       0%          3
 Ensorcelled Hibernation  Hex/Ice        96%        N/A       1%          2
 Lesser Beckoning         Tloc           82%        N/A       1%          2
 Dazzling Flash           Conj/Hex       96%        N/A       1%          3
 Inner Flame              Hex/Fire       48%        N/A       1%          3
 Anguish                  Hex/Necr       24%        N/A       1%          4
 Fulminant Prism          Conj/Hex       24%        3d12      1%          4
 Leda's Liquefaction      Hex/Erth       24%        N/A       1%          4
 Momentum Strike          Conj/Tloc      56%        3d9       2%          2
 Manifold Assault         Tloc           41%        N/A       3%          4
 Beastly Appendage        Tmut           42%        N/A       4%          1
 Wereblood                Tmut           21%        N/A       6%          2
 Foxfire                  Conj/Fire      60%        2x1d7     9%          1
 Freeze                   Ice            60%        1d7       9%          1
 Kiss of Death            Conj/Necr      60%        2d10      9%          1
 Magic Dart               Conj           60%        1d6       9%          1
 Sandblast                Erth           30%        2d9       9%          1
 Cigotuvi's Dreadful Rot  Necr/Pois/Air  30%        N/A       13%         2
 Scorch                   Fire           30%        2d7       13%         2
 Searing Ray              Conj           30%        2d5       13%         2
 Spider Form              Tmut/Pois      18%        N/A       19%         3
 Iskenderun's Mystic Bla  Conj/Tloc      28%        2d7       19%         4
 Ignite Poison            Fire/Tmut/Pois 17%        N/A       21%         3
 Frozen Ramparts          Ice            30%        1d5       26%         3
 Hailstorm                Conj/Ice       15%        3d5       26%         3
 Ozocubu's Armour         Ice            15%        N/A       26%         3
 Stone Arrow              Conj/Erth      30%        3d8       26%         3
 Ice Form                 Ice/Tmut       18%        N/A       52%         4
 Petrify                  Tmut/Erth      18%        N/A       52%         4
 Dispersal                Tloc           20%        N/A       52%         6
 Dispel Undead            Necr           15%        3d10      65%         4
 Flame Wave               Conj/Fire      15%        2d7       65%         4
 Olgreb's Toxic Radiance  Pois           15%        N/A       65%         4
 Sticky Flame             Conj/Fire      15%        2d4       65%         4
 Blade Hands              Tmut           10%        N/A       75%         5
 Alistair's Intoxication  Tmut/Pois      12%        N/A       86%         5
 Irradiate                Conj/Tmut      9%         3d14      86%         5
 Borgnjor's Vile Clutch   Necr/Erth      7%         N/A       94%         5
 Fireball                 Conj/Fire      7%         3d5       94%         5
 Freezing Cloud           Conj/Ice/Air   7%         6-21      94%         5
 Iskenderun's Battlesphe  Conj           15%        2d7       94%         5
 Lee's Rapid Deconstruct  Erth           7%         3d7*      94%         5
 Conjure Ball Lightning   Conj/Air       7%         3x3d6     100%        6
 Eringya's Noxious Bog    Tmut/Pois      9%         N/A       100%        6
 Iron Shot                Conj/Erth      7%         9d2       100%        6
 Starburst                Conj/Fire      7%         6d4       100%        6
 Dragon Form              Tmut           10%        N/A       100%        7
 Ozocubu's Refrigeration  Ice            7%         4d9       100%        7
 Disjunction              Tloc           20%        N/A       100%        8
 Ignition                 Fire           7%         3d5       100%        8
 Polar Vortex             Ice            7%         N/A       100%        9
 Call Canine Familiar     Summ           Unusable   N/A       N/A         3
 Animate Armour           Summ/Erth      Unusable   N/A       N/A         4
 Summon Ice Beast         Ice/Summ       Unusable   N/A       N/A         4
 Death Channel            Necr           Unusable   N/A       N/A         6
 Simulacrum               Ice/Necr       Unusable   N/A       N/A         6
 Summon Cactus Giant      Summ           Unusable   N/A       N/A         6
 Spellforged Servitor     Conj/Summ      Unusable   N/A       N/A         7

Dungeon Overview and Level Annotations

Branches:
Dungeon (15/15)            Temple (1/1) D:7            Lair (5/5) D:11
  Swamp (4/4) Lair:3        Snake (4/4) Lair:2        Slime (5/5) Lair:5
    Orc (2/2) D:10            Elf (0/3) Orc:2        Vaults (5/5) D:13
  Crypt (0/3) Vaults:3     Depths (1/4) D:15          Sewer (visited)
 Bailey (visited)           IceCv (visited)

Altars:
Ashenzari
Cheibriados
Dithmenos
Elyvilon
Fedhas
Gozag
Hepliaklqana
Kikubaaqudgha
Makhleb
Nemelex Xobeh
Okawaru
Qazlal
Ru
Sif Muna
Trog
Uskayaw
Vehumet
Wu Jian
Xom
Yredelemnul
Zin
The Shining One
Jiyva

Shops:
D:6 =??[*   D:8 (   Orc:2 [:!?   Snake:1 (   Snake:3 :

Portals:
Hell: Lair:5
Abyss: Depths:1
Pandemonium: Orc:2

Annotations:
D:3 2 runed translucent doors, bezhaha's ghost, weakling OgWr
D:13 Frances
Lair:1 exclusion: oklob plant
Depths:1 Sojobo


Innate Abilities, Weirdness & Mutations

You are very small and have problems with some larger weapons.
You are too small for most types of armour.
You have supernaturally acute eyesight. (SInv)
You cover ground extremely quickly. (Speed+++)
You are clumsy. (Dex -2)
Your flesh is heat resistant. (rF+)
Your muscles are strong. (Str +4, Int/Dex -1)


Message History

The air twists around and strikes you. You block the tengu reaver's attack.
The tengu reaver pecks you. You block the tengu reaver's attack.
You shoot a bolt. The bolt hits the tengu reaver!!!!
You kill the tengu reaver!
Okawaru accepts your kill.
Sojobo gestures wildly while chanting.
A tengu warrior comes into view. It is wielding a +0 long sword.
The tengu reaver closely misses you. The tengu reaver pecks you.
You block the tengu reaver's attack. The tengu reaver casts a spell at you.
The bolt of acid misses you.
A tengu conjurer comes into view.
Sojobo waves her feathered arms in wide circles.
The air twists around and strikes you!!
Casting: Blink (safe; 1% risk of failure)
Confirm with . or Enter, or press ? or * to list all spells.
You begin teleporting projectiles to their destination.
Fire: Q) +9 hand crossbow (heavy)
Press: ? - help, Shift-Dir - straight line, f - Sojobo
Aim: Sojobo, wielding a +3 great sword of holy wrath and wearing a +2 ring mail of positive energy (repelling missiles, 31% to hit)
You magically shoot a bolt.
The bolt hits Sojobo!!
Sojobo is lightly wounded.
Sojobo drinks a potion.
Sojobo's spells are empowered!
The tengu reaver points at you and mumbles some strange words.
The bolt of cold misses you.
Sojobo waves her feathered arms in wide circles.
The air twists around and strikes you!!
Fire: Q) +9 hand crossbow (heavy)
Press: ? - help, Shift-Dir - straight line, f/p - Sojobo
Aim: Sojobo, wielding a +3 great sword of holy wrath and wearing a +2 ring mail of positive energy (lightly wounded, spells empowered, repelling missiles, 31% to hit)
You magically shoot a bolt.
The bolt barely misses Sojobo.
The tengu reaver gestures at you while chanting.
The bolt of lightning hits you!!!
* * * LOW HITPOINT WARNING * * *
The tengu reaver casts a spell at you. The bolt of poison misses you.
You hear a deafening roar!
Sojobo waves her feathered arms in wide circles.
The air twists around and strikes you!!!
You die...

######.#.#
........##
......[..#
....#.#†##
.#.#.#.#†###
########.∩.#######
###.#.#.#.##
##.#.#...#
#......@.#
##.....#.#
#.#....#.#
##.....#.#
#.#....#Q#
#.#....#Q# #
#...Q#E# #....#E#
.....#)#


You could see Sojobo (empowered, repels missiles), a tengu reaver, 2 air
elementals and a tengu conjurer.

Vanquished Creatures
  the Royal Jelly (Slime:5)
  Mara (Vaults:3)
  An ancient lich (Vaults:5)
  Vashnia (Snake:4)
  Margery (Vaults:3)
  Saint Roka (Vaults:1)
  A golden dragon (Vaults:5)
  A lich (Vaults:5)
  7 titans (Vaults:5)
  Mlioglotl (Swamp:3)
  The ghost of Lavandula the Purifying Human, an adept HuMo of Elyvilon (Vaults:1)
  Asterion (Vaults:1)
  An ancient champion (Vaults:3)
  15 acid blobs
  5 sphinxes
  A quicksilver dragon (Vaults:5)
  7 shadow dragons (Vaults:5)
  2 tengu reavers
  2 nagarajas
  A storm dragon (Vaults:5)
  A thorn hunter (Swamp:1)
  A fire giant (Vaults:5)
  A fenstrider witch (Swamp:1)
  An iron dragon (Vaults:5)
  12 azure jellies
  Aizul (Snake:3)
  8 frost giants
  7 rockslimes
  23 vault wardens
  Louise (D:15)
  2 orc warlords
  A ghoul (Swamp:4)
  10 quicksilver oozes
  18 very ugly things
  2 war gargoyles (Vaults:5)
  A broodmother (shapeshifter) (Vaults:5)
  22 ironbound preservers
  4 stone giants
  5 eleionomae
  5 ironbound thunderhulks
  The ghost of Necrophagist the Jinx, a journeyman SpHs of Hepliaklqana (Snake:1)
  4 bunyips
  A white draconian (IceCv)
  11 dire elephants
  An eidolon (Vaults:3)
  4 ettins
  A fire dragon (Depths:1)
  2 deep elf death magi
  2 shambling mangroves
  13 yaktaur captains
  Josephine (Snake:1)
  3 entropy weavers
  12 vault guards
  6 salamander tyrants
  10 great orbs of eyes
  10 hydras
  7 ice dragons
  A hell beast (Lair:5)
  A rakshasa (Depths:1)
  2 catoblepae
  10 anacondas
  2 demonspawn (Orc:2)
  12 ironbound frosthearts
  2 ghost crabs
  A death knight (D:14)
  2 deep troll shamans (Depths:1)
  6 centaur warriors
  A dancing weapon (Vaults:5)
  Urug (Lair:5)
  4 boulder beetles
  13 death yaks
  3 deep troll earth magi (Depths:1)
  3 two-headed ogres
  6 alligators
  6 tengu warriors
  A vampire mage (Depths:1)
  8 orc high priests (Orc:2)
  17 naga warriors
  8 shock serpents
  15 naga sharpshooters
  Sonja (Lair:5)
  4 hell knights (Vaults:3)
  14 spriggans
  3 iron trolls (Depths:1)
  5 salamander mystics
  A shadow wraith (Vaults:5)
  8 spriggan druids
  4 goliath frogs
  3 skeletal warriors (D:14)
  51 deep trolls
  A glowing orange brain (shapeshifter) (Vaults:5)
  A goliath frog (shapeshifter) (Vaults:1)
  A death drake (shapeshifter) (Vaults:5)
  4 skysharks
  An obsidian statue (Snake:1)
  5 sea snakes (Snake:2)
  3 glowing orange brains
  5 naga ritualists
  7 wizards
  A flayed ghost (Vaults:3)
  4 necromancers
  A steelbarb worm (shapeshifter) (D:15)
  3 bog bodies
  An orange crystal statue (IceCv)
  12 orc knights
  18 ironbound convokers
  10 lindwurms
  Pikel (D:5)
  4 phantasmal warriors
  3 harpies (Vaults:4)
  3 will-o-the-wisps
  6 orc sorcerers
  3 wolf spiders (D:9)
  10 mana vipers
  A faun (shapeshifter) (D:13)
  3 deep elf pyromancers
  37 ugly things
  26 salamanders
  9 cyclopes
  4 manticores
  4 shining eyes
  6 guardian serpents
  18 naga magi
  35 black mambas
  21 vault sentinels
  3 eyes of devastation
  11 elephants
  3 orange demons (Lair:5)
  A gargoyle (D:14)
  13 cane toads
  22 rime drakes
  50 yaktaurs
  7 freezing wraiths
  8 komodo dragons
  A kobold demonologist (D:14)
  An efreet (D:14)
  3 tengu conjurers
  4 ice devils
  3 bloated husks
  26 polar bears
  A tengu simulacrum (Vaults:1)
  7 trolls
  2 hellwings
  Grinder (D:5)
  8 tyrant leeches
  A hornet (shapeshifter) (D:13)
  16 hornets
  15 blink frogs
  5 dream sheep
  Sigmund (D:5)
  99 slime creatures
  3 shadows
  A slime creature (shapeshifter) (Vaults:5)
  A centaur simulacrum (D:12)
  A ynoxinul (Orc:2)
  A culicivora (Vaults:4)
  25 yaks
  2 vampires
  4 basilisks
  8 wyverns
  6 wraiths
  2 hogs (D:9)
  3 golden eyes (Slime:1)
  10 redbacks
  3 steam dragons
  7 vampire mosquitoes
  Edmund (D:4)
  3 swamp worm simulacra (Swamp:4)
  A redback simulacrum (D:13)
  43 nagas
  An acid dragon (D:10)
  3 wargs
  11 swamp worms
  13 hydra simulacra (Swamp:4)
  3 hell hounds (Lair:5)
  26 water moccasins
  3 sky beasts
  4 ice beasts
  10 black bears
  3 swamp drakes
  51 orc warriors
  10 wolves
  7 ogres
  A boggart (shapeshifter) (Vaults:5)
  8 boggarts
  9 centaurs
  A tengu (shapeshifter) (Vaults:5)
  2 kobold brigands
  5 phantoms
  19 bullfrogs
  5 necrophages
  A scorpion (D:6)
  5 wights
  10 killer bees
  4 electric eels (Snake:2)
  7 howler monkeys
  4 jellies
  10 hounds
  5 gnoll boudas
  23 orc priests
  20 orc wizards
  Terence (D:2)
  3 iguanas
  9 hell rats (Lair:5)
  Robin (D:4)
  27 gnolls
  4 river rats (Sewer)
  8 adders
  4 white imps
  2 ufetubi
  3 swamp drake simulacra (Swamp:4)
  3 worms
  3 dart slugs
  80 orcs
  11 ball pythons
  10 bats
  7 endoplasms
  7 giant cockroaches
  29 goblins
  22 hobgoblins
  3 jackals
  4 quokkas
  3 frilled lizards
  9 kobolds
  10 rats
1742 creatures vanquished.

Vanquished Creatures (collateral kills)
  A tentacled monstrosity (Vaults:5)
  A storm dragon (Vaults:5)
  An ettin (Vaults:5)
  A deep elf death mage (Vaults:5)
  A yaktaur captain (Vaults:5)
  18 vault guards (Vaults:5)
23 creatures vanquished.

Vanquished Creatures (others)
  5 vault guards (Vaults:5)
  A bloated husk (Swamp:4)
  2 foxfires (Swamp:4)
  25 fungi
  64 plants
  2 starspawn tentacles (Swamp:3)
99 creatures vanquished.

Grand Total: 1864 creatures vanquished

Notes
Turn   | Place    | Note
-------+----------+-------------------------------------------
     0 | D:1      | Querens the Spriggan Hexslinger began the quest for the
                  | Orb.
     0 | D:1      | Reached XP level 1. HP: 9/9 MP: 3/3
   164 | D:1      | Reached XP level 2. HP: 14/14 MP: 5/5
   750 | D:2      | Reached XP level 3. HP: 15/17 MP: 6/6
   808 | D:2      | Identified the +0 chain mail "Todyufyu" {rCorr}
   933 | D:2      | Noticed Terence
   979 | D:2      | Killed Terence
   980 | D:2      | Reached XP level 4. HP: 17/21 MP: 7/7
  1075 | D:2      | Found a faded altar of an unknown god.
  1389 | D:3      | Found a large runed translucent door.
  1390 | D:3      | Found a large runed translucent door.
  1392 | D:3      | Noticed bezhaha's ghost (weakling OgWr)
  1594 | D:3      | Reached skill level 5 in Ranged Weapons
  1695 | D:4      | Noticed a sky beast
  1707 | D:4      | Noticed a phantom
  1856 | D:4      | Reached XP level 5. HP: 25/25 MP: 8/8
  2060 | D:4      | Found a glowing drain.
  2084 | Sewer    | Entered a sewer
  2377 | Sewer    | Reached XP level 6. HP: 16/29 MP: 9/9
  2574 | D:4      | Noticed Robin
  2598 | D:4      | Killed Robin
  2725 | D:5      | Entered Level 5 of the Dungeon
  2767 | D:5      | Noticed a yak
  2771 | D:5      | Noticed a yak
  2772 | D:5      | Noticed a yak
  2773 | D:5      | Noticed a yak
  2817 | D:4      | Killed a yak
  2818 | D:4      | Reached XP level 7. HP: 28/32 MP: 10/10
  2916 | D:4      | Killed a yak
  3019 | D:5      | Noticed a yak
  3115 | D:4      | Killed a yak
  3116 | D:4      | Reached XP level 8. HP: 37/37 MP: 11/11
  3178 | D:4      | Reached skill level 10 in Ranged Weapons
  3331 | D:5      | Noticed Sigmund
  3463 | D:5      | Noticed Edmund
  3569 | D:4      | Killed Edmund
  3629 | D:5      | Killed Sigmund
  3659 | D:5      | Noticed Grinder
  3692 | D:5      | Paralysed by Grinder for 5 turns
  3705 | D:5      | Killed Grinder
  3706 | D:5      | Reached XP level 9. HP: 40/40 MP: 12/12
  3731 | D:5      | Found an ornate altar of the Wu Jian Council.
  3992 | D:5      | Noticed Pikel
  4100 | D:5      | Killed Pikel
  4342 | D:6      | Found Noholl's Magic Scroll Boutique.
  4369 | D:6      | HP: 2/40 [centaur/arrow (4)]
  4387 | D:6      | Bought a scroll of blinking for 97 gold pieces
  4387 | D:6      | Bought a scroll of enchant weapon for 97 gold pieces
  4387 | D:6      | Bought a scroll of identify for 26 gold pieces
  4387 | D:6      | Bought a scroll of immolation for 52 gold pieces
  4387 | D:6      | Bought a scroll of teleportation for 39 gold pieces
  4562 | D:6      | Found Iluar's Antique Armour Shoppe.
  4629 | D:6      | Found Ixeselou's Magic Scroll Boutique.
  4667 | D:6      | Found Haleg's Assorted Antiques.
  4685 | D:6      | Bought a fizzy yellow potion for 22 gold pieces
  4685 | D:6      | Bought an emerald potion for 22 gold pieces
  4797 | D:6      | Identified the +1 cloak of the Eagle {Harm rF+ Will+}
  5010 | D:6      | Found Yzontiam's Jewellery Shop.
  5245 | D:7      | Found a staircase to the Ecumenical Temple.
  5261 | D:7      | Reached XP level 10. HP: 44/44 MP: 13/13
  5278 | Temple   | Entered the Ecumenical Temple
  5289 | Temple   | Became a worshipper of Warmaster Okawaru
  5436 | D:7      | Gained mutation: You have a pair of small antennae on your
                  | head. [potion of mutation]
  5436 | D:7      | Gained mutation: You do not regenerate when monsters are
                  | visible. [potion of mutation]
  5436 | D:7      | Gained mutation: You are frail. (-10% HP) [potion of
                  | mutation]
  5455 | D:7      | Lost mutation: You do not regenerate when monsters are
                  | visible. [potion of mutation]
  5455 | D:7      | Lost mutation: You have a pair of small antennae on your
                  | head. [potion of mutation]
  5455 | D:7      | Gained mutation: You have sharp toenails. [potion of
                  | mutation]
  5455 | D:7      | Gained mutation: Your flesh is heat resistant. (rF+)
                  | [potion of mutation]
  5456 | D:7      | Lost mutation: Your flesh is heat resistant. (rF+) [potion
                  | of mutation]
  5456 | D:7      | Lost mutation: You have sharp toenails. [potion of
                  | mutation]
  5456 | D:7      | Gained mutation: You have sharp fingernails. [potion of
                  | mutation]
  5456 | D:7      | Gained mutation: You are vulnerable to heat. (rF-) [potion
                  | of mutation]
  5456 | D:7      | Gained mutation: You are partially covered in iridescent
                  | scales. (AC +2) [potion of mutation]
  5457 | D:7      | Lost mutation: You are partially covered in iridescent
                  | scales. (AC +2) [potion of mutation]
  5457 | D:7      | Lost mutation: You have sharp fingernails. [potion of
                  | mutation]
  5457 | D:7      | Lost mutation: You are frail. (-10% HP) [potion of
                  | mutation]
  5759 | D:8      | Noticed a two-headed ogre
  5851 | D:8      | Reached skill level 15 in Ranged Weapons
  5864 | D:8      | Reached * piety under Okawaru
  6180 | D:8      | Killed a two-headed ogre
  6180 | D:8      | Reached ** piety under Okawaru
  6203 | D:8      | Identified the +1 buckler of the Ladybird {rPois rF- rCorr}
  6569 | D:8      | Found Dousk's Weapon Shoppe.
  6638 | D:9      | Found a flagged portal.
  6653 | D:9      | Found a huge runed translucent gate.
  6653 | D:9      | Found a huge runed translucent gate.
  6653 | D:9      | Found a huge runed translucent gate.
  6654 | D:9      | Found a huge runed translucent gate.
  6688 | D:9      | Noticed a black mamba
  6689 | D:9      | Found a runed translucent gate.
  6690 | D:9      | Found a runed translucent gate.
  6690 | D:9      | Noticed a black mamba
  6691 | D:9      | Found the +9 staff of Olgreb {rPois∞}
  6695 | D:9      | Found a runed translucent door.
  6734 | D:9      | Noticed a wolf spider
  6739 | D:9      | Noticed a wolf spider
  6740 | D:9      | Noticed a wolf spider
  6743 | D:9      | Found a runed translucent gate.
  6897 | D:9      | Reached *** piety under Okawaru
  7039 | D:9      | Identified the +2 robe of the Merchant {rF+ Archmagi}
  7062 | Bailey   | Entered a bailey
  7155 | Bailey   | Noticed an orc knight
  7180 | Bailey   | Killed an orc knight
  7181 | Bailey   | Reached XP level 11. HP: 48/48 MP: 12/15
  7350 | Bailey   | Reached **** piety under Okawaru
  7423 | Bailey   | Noticed an orc warlord
  7574 | Bailey   | Killed an orc warlord
  7574 | Bailey   | Received a gift from Okawaru
  7595 | Bailey   | Reached skill level 5 in Invocations
  7774 | D:9      | Acquired a +2 hand crossbow of freezing
  7776 | D:9      | Acquired 890 gold pieces
  7846 | D:6      | Bought a scroll labelled GELARE YRETZ for 25 gold pieces
  7846 | D:6      | Bought a scroll labelled CABLIO USOMN for 25 gold pieces
  7866 | D:6      | Bought a scroll of identify for 30 gold pieces
  7866 | D:6      | Bought a scroll of identify for 30 gold pieces
  7866 | D:6      | Bought a scroll of vulnerability for 60 gold pieces
  7866 | D:6      | Bought a scroll of brand weapon for 142 gold pieces
  7866 | D:6      | Bought a scroll of identify for 30 gold pieces
  7866 | D:6      | Bought a scroll of blinking for 112 gold pieces
  7866 | D:6      | Bought a scroll of blinking for 112 gold pieces
  7877 | D:6      | Bought an embroidered scarf for 152 gold pieces
  7877 | D:6      | Bought a shiny buckler for 142 gold pieces
  7892 | D:6      | Bought a scroll of blinking for 187 gold pieces
  7940 | D:8      | Reached XP level 12. HP: 52/52 MP: 15/17
  7941 | D:8      | Reached XP level 13. HP: 66/66 MP: 15/18
  7991 | D:10     | Entered Level 10 of the Dungeon
  8268 | D:10     | Found a hazy altar of Hepliaklqana.
  8269 | D:10     | Found a hide-covered altar of Uskayaw.
  8269 | D:10     | Found a broken altar of Ashenzari.
  8270 | D:10     | Found a shimmering blue altar of Sif Muna.
  8271 | D:10     | Found a sparkling altar of Nemelex Xobeh.
  8271 | D:10     | Found a glowing golden altar of the Shining One.
  8272 | D:10     | Found an ancient bone altar of Kikubaaqudgha.
  8273 | D:10     | Found a shimmering altar of Xom.
  8273 | D:10     | Found a white marble altar of Elyvilon.
  8294 | D:10     | Found a blossoming altar of Fedhas.
  8315 | D:10     | Found a burning altar of Makhleb.
  8360 | D:11     | Found a bloodstained altar of Trog.
  8649 | D:11     | You fall into a shaft and drop 3 floors!
  8653 | D:13     | Noticed Frances
  8661 | D:12     | Found a glowing silver altar of Zin.
  8777 | D:11     | Reached ***** piety under Okawaru
  8806 | D:11     | Got the Enchiridion on the Winter
  9025 | D:11     | Found a staircase to the Lair.
  9293 | D:12     | Reached skill level 5 in Shields
  9449 | D:10     | Found a staircase to the Orcish Mines.
  9456 | Orc:1    | Entered Level 1 of the Orcish Mines
  9463 | D:10     | Learned a level 3 spell: Portal Projectile
  9515 | Lair:1   | Entered Level 1 of the Lair of Beasts
  9745 | Lair:1   | Found a sparkling altar of Nemelex Xobeh.
  9761 | Lair:1   | Reached skill level 1 in Translocations
  9941 | Lair:1   | Found a blossoming altar of Fedhas.
 10208 | Lair:2   | Found a staircase to the Snake Pit.
 10403 | Lair:2   | You fall into a shaft and drop 1 floor!
 10458 | Lair:3   | Found a staircase to the Swamp.
 10464 | Lair:3   | Identified the +1 robe of Submission {rC++} (Okawaru gifted
                  | it to you on level 3 of the Lair of Beasts)
 10464 | Lair:3   | Received a gift from Okawaru
 10476 | Lair:3   | Reached XP level 14. HP: 61/70 MP: 21/21
 10478 | Lair:3   | Reached skill level 5 in Hexes
 10810 | Lair:3   | Reached skill level 5 in Translocations
 10994 | Lair:3   | Reached ****** piety under Okawaru
 10995 | Lair:3   | Reached skill level 5 in Spellcasting
 11857 | Lair:5   | Entered Level 5 of the Lair of Beasts
 11932 | Lair:5   | Received a gift from Okawaru
 12023 | Lair:5   | Found a viscous altar of Jiyva.
 12023 | Lair:5   | Found a staircase to the Slime Pits.
 12098 | Lair:5   | Noticed Sonja
 12134 | Lair:5   | Reached skill level 10 in Invocations
 12138 | Lair:5   | Killed Sonja
 12464 | Orc:1    | Reached skill level 5 in Dodging
 12705 | Orc:2    | Entered Level 2 of the Orcish Mines
 12917 | Orc:2    | Found a staircase to the Elven Halls.
 13397 | Orc:2    | Found Roseun's Magic Scroll Boutique.
 13399 | Orc:2    | Found Tuesupra's Distillery.
 13670 | Orc:2    | Reached XP level 15. HP: 49/76 MP: 25/25
 13910 | Orc:2    | Found Saostuej's Book Shoppe.
 13910 | Orc:2    | Found Diroon Cymi's Antique Armour Emporium.
 13982 | Orc:2    | Found a one-way gate leading to the halls of Pandemonium.
 14019 | Orc:2    | Bought a potion of mutation for 144 gold pieces
 14019 | Orc:2    | Bought a potion of curing for 54 gold pieces
 14019 | Orc:2    | Bought a potion of curing for 54 gold pieces
 14019 | Orc:2    | Bought 2 potions of heal wounds for 180 gold pieces
 14019 | Orc:2    | Bought a potion of heal wounds for 90 gold pieces
 14019 | Orc:2    | Bought a potion of heal wounds for 90 gold pieces
 14021 | Orc:2    | Bought a scroll of blinking for 112 gold pieces
 14021 | Orc:2    | Bought a scroll of enchant weapon for 112 gold pieces
 14021 | Orc:2    | Bought 2 scrolls of fear for 120 gold pieces
 14022 | Orc:2    | Lost mutation: You are vulnerable to heat. (rF-) [potion of
                  | mutation]
 14022 | Orc:2    | Gained mutation: You are clumsy. (Dex -2) [potion of
                  | mutation]
 14022 | Orc:2    | Lost mutation: You are clumsy. (Dex -2) [potion of
                  | mutation]
 14022 | Orc:2    | Gained mutation: Your muscles are strong. (Str +4, Int/Dex
                  | -1) [potion of mutation]
 14228 | Lair:5   | Noticed Urug
 14356 | Lair:5   | Reached skill level 10 in Dodging
 14475 | Lair:5   | Acquired the +3 hat of Eshri {rPois Int+3}
 14666 | Lair:5   | Received a gift from Okawaru
 15194 | Lair:5   | Found a burning altar of Makhleb.
 15387 | Lair:5   | Identified the +1 robe of the Learner {Str+2 Dex+3}
                  | (Okawaru gifted it to you on level 5 of the Lair of Beasts)
 15387 | Lair:5   | Received a gift from Okawaru
 15411 | Lair:5   | Found a gateway to Hell.
 15516 | Snake:1  | Entered Level 1 of the Snake Pit
 16060 | Snake:1  | Found a runed translucent gate.
 16060 | Snake:1  | Found a runed translucent gate.
 16061 | Snake:1  | Found a runed translucent gate.
 16065 | Snake:1  | Found an opulent altar of Gozag.
 16067 | Snake:1  | Noticed Necrophagist's ghost (journeyman SpHs)
 16088 | Snake:1  | Found Womnuot's Antique Weapon Emporium.
 16185 | Snake:1  | Identified the +5 sling of Evisceration {elec, Int+3 Dex+6}
 16458 | Snake:1  | Noticed Josephine
 16475 | Snake:1  | Killed Josephine
 16672 | Snake:2  | Reached XP level 16. HP: 71/84 MP: 26/26
 17523 | Snake:2  | Reached skill level 15 in Dodging
 17672 | Snake:2  | Identified the +1 robe "Jitel" {rN+ Stlth+} (Okawaru gifted
                  | it to you on level 2 of the Snake Pit)
 17672 | Snake:2  | Received a gift from Okawaru
 17967 | Snake:2  | Reached skill level 10 in Fighting
 17972 | Snake:2  | Learned a level 4 spell: Cause Fear
 17979 | Snake:2  | Learned a level 6 spell: Statue Form
 18068 | Snake:2  | Reached skill level 1 in Transmutations
 18245 | Snake:3  | Found Lafefout's Self-Improvement Boutique.
 18694 | D:9      | Found a runed translucent door.
 18961 | Snake:1  | Killed Necrophagist's ghost
 19049 | Snake:1  | Reached XP level 17. HP: 82/89 MP: 7/28
 19050 | Snake:1  | Reached XP level 18. HP: 86/93 MP: 7/29
 19229 | Snake:3  | Noticed Aizul
 19446 | Snake:3  | Killed Aizul
 19455 | Snake:3  | Received a gift from Okawaru
 19863 | Snake:4  | Entered Level 4 of the Snake Pit
 20107 | Snake:4  | Reached XP level 19. HP: 86/98 MP: 30/30
 20171 | Snake:4  | Noticed Vashnia
 20196 | Snake:4  | Killed Vashnia
 20327 | Snake:4  | Found a radiant altar of Vehumet.
 21428 | Snake:4  | Got a serpentine rune of Zot
 21663 | Swamp:1  | Entered Level 1 of the Swamp
 21761 | Swamp:1  | Identified the +6 scimitar of Upheaval {flame, rF+ rC+
                  | Dex-3} (Okawaru gifted it to you on level 1 of the Swamp)
 21761 | Swamp:1  | Received a gift from Okawaru
 22121 | Swamp:1  | Learned a level 5 spell: Metabolic Englaciation
 23031 | Swamp:1  | Identified the +1 hat "Rotrytr Etig" {rPois} (Okawaru
                  | gifted it to you on level 1 of the Swamp)
 23031 | Swamp:1  | Received a gift from Okawaru
 23815 | Swamp:4  | Entered Level 4 of the Swamp
 23815 | Swamp:4  | Noticed Mlioglotl
 23835 | Swamp:3  | Killed Mlioglotl
 23943 | Swamp:4  | Learned a level 2 spell: Blink
 24161 | Swamp:4  | Reached XP level 20. HP: 65/102 MP: 31/31
 24487 | Swamp:4  | Got a decaying rune of Zot
 24698 | Slime:1  | Entered Level 1 of the Pits of Slime
 24813 | Lair:5   | Killed Urug
 25339 | Slime:2  | Learned a level 8 spell: Discord
 25483 | Slime:1  | Reached skill level 15 in Invocations
 27123 | Slime:3  | Identified the +1 steam dragon scales of Uxkatocw {Rampage
                  | Will+} (Okawaru gifted it to you on level 3 of the Pits of
                  | Slime)
 27123 | Slime:3  | Received a gift from Okawaru
 27125 | Slime:3  | Gained mutation: Armour fits poorly on your strangely
                  | shaped body. [a shining eye]
 28258 | Slime:5  | Entered Level 5 of the Pits of Slime
 28629 | Slime:5  | Noticed the Royal Jelly
 28890 | Slime:5  | Gained mutation: You occasionally lose the ability to drink
                  | potions when taking damage. [a shining eye]
 29328 | Slime:5  | Found a viscous altar of Jiyva.
 29359 | Slime:5  | Found the +7 captain's cutlass {speed, disarm}
 29360 | Slime:5  | Found the +8 whip "Snakebite" {venom, curare, rPois}
 29785 | Slime:5  | Killed the Royal Jelly
 29896 | Slime:5  | Identified the ring "Satasset" {rC++ Dex+4 Slay+4}
 29916 | Slime:5  | Identified the ring "Poegh" {rN+ Stlth+}
 29920 | Slime:5  | Got a slimy rune of Zot
 29935 | Slime:5  | Identified the +1 short sword of Experimentation {flame,
                  | rN+ Dex+2}
 29936 | Slime:5  | Identified the +4 scale mail "Caitomp" {Contam Str+4 Int+8}
 29998 | Slime:5  | Identified the +1 ring mail "Birghuost" {rN++ Will- rCorr
                  | SInv}
 30049 | Slime:4  | Lost mutation: Armour fits poorly on your strangely shaped
                  | body. [potion of mutation]
 30049 | Slime:4  | Lost mutation: You occasionally lose the ability to drink
                  | potions when taking damage. [potion of mutation]
 30049 | Slime:4  | Gained mutation: You are clumsy. (Dex -2) [potion of
                  | mutation]
 30049 | Slime:4  | Gained mutation: Your flesh is heat resistant. (rF+)
                  | [potion of mutation]
 30199 | D:11     | Learned a level 2 spell: Passwall
 30199 | D:11     | Upgraded the game from 0.30-a0-777-ga9a30cbeda to
                  | 0.30-a0-778-g2ef04afb54
 30636 | D:13     | Received a gift from Okawaru
 30857 | D:13     | Identified the ring "Ituamm" {Fly rF+ Dex+3}
 30913 | D:13     | Found a gate to the Vaults.
 31054 | D:14     | Reached XP level 21. HP: 107/107 MP: 33/33
 31498 | D:15     | Entered Level 15 of the Dungeon
 31746 | D:15     | Noticed Louise
 31820 | D:15     | Killed Louise
 31990 | D:15     | Found a frozen archway.
 32009 | IceCv    | Entered an ice cave
 32023 | IceCv    | Reached skill level 10 in Hexes
 32171 | IceCv    | Reached skill level 10 in Spellcasting
 32398 | IceCv    | Received a gift from Okawaru
 32688 | D:15     | Found a staircase to the Depths.
 32928 | D:6      | Bought a scroll of acquirement for 676 gold pieces
 32928 | D:6      | Bought a scroll of enchant weapon for 97 gold pieces
 32928 | D:6      | Acquired a book of the Warp
 32954 | D:6      | Bought a scroll of acquirement for 1300 gold pieces
 32954 | D:6      | Acquired the +3 buckler "Yneosav" {+Inv}
 33079 | Vaults:1 | Entered Level 1 of the Vaults
 33269 | Vaults:1 | Got the Guidebook on Transmogrification
 33304 | Vaults:1 | Noticed Saint Roka
 33313 | Vaults:1 | Killed Saint Roka
 33502 | Vaults:1 | Identified the +1 robe "Nigguik" {Will++} (Okawaru gifted
                  | it to you on level 1 of the Vaults)
 33502 | Vaults:1 | Received a gift from Okawaru
 33707 | Vaults:1 | Found a runed translucent gate.
 33708 | Vaults:1 | Found a runed translucent gate.
 33709 | Vaults:1 | Found a runed translucent gate.
 33709 | Vaults:1 | Noticed Lavandula's ghost (adept HuMo)
 33763 | Vaults:1 | Killed Lavandula's ghost
 33895 | Vaults:1 | Noticed Asterion
 33971 | Vaults:1 | Killed Asterion
 34325 | Vaults:1 | Reached skill level 10 in Evocations
 34511 | Vaults:2 | You fall into a shaft and drop 2 floors!
 34618 | Vaults:4 | Reached XP level 22. HP: 111/111 MP: 34/40
 35109 | Vaults:4 | Received a gift from Okawaru
 36040 | Vaults:3 | Noticed Margery
 36056 | Vaults:3 | Killed Margery
 36212 | Vaults:3 | Reached skill level 15 in Hexes
 36525 | Vaults:3 | Reached skill level 15 in Spellcasting
 37073 | Vaults:2 | Received a gift from Okawaru
 37073 | Vaults:2 | Found the +3 warlock's mirror {omnireflect}
 37673 | Vaults:3 | Reached XP level 23. HP: 115/115 MP: 44/44
 37897 | Vaults:3 | Noticed Mara
 37902 | Vaults:3 | Noticed Querens's illusion
 37933 | Vaults:3 | Killed Mara
 38050 | Vaults:3 | Found a staircase to the Crypt.
 38267 | Vaults:4 | Upgraded the game from 0.30-a0-778-g2ef04afb54 to
                  | 0.30-a0-779-g7971cf19c3
 38303 | Vaults:5 | Entered Level 5 of the Vaults
 38401 | Vaults:5 | Reached skill level 10 in Stealth
 38454 | Vaults:5 | Got a silver rune of Zot
 38513 | Vaults:5 | Identified the +2 helmet of Death's Door {rElec rN+ Dex-5}
 38554 | Vaults:5 | Identified the +10 rapier of the Chickpea {freeze, Contam
                  | rN+ Dex+2}
 38585 | Vaults:5 | Noticed an ancient lich
 38646 | Vaults:5 | Received a gift from Okawaru
 38678 | Vaults:5 | Killed an ancient lich
 38831 | Vaults:5 | Acquired a +2 hand crossbow of electrocution
 38838 | Vaults:5 | Identified the ring of the Peasants {Fire rPois Str+4}
 38856 | Vaults:5 | Identified the +3 battleaxe of Terror {elec, Int+4 Dex+3}
 39711 | Vaults:5 | Received a gift from Okawaru
 39775 | Vaults:5 | Identified the ring "Justrusoi" {MP+9 Dex+6}
 39782 | Vaults:5 | Identified the +1 dagger of Duty {heavy, rN+}
 40508 | Depths:1 | Entered Level 1 of the Depths
 40619 | Depths:1 | Reached XP level 24. HP: 120/120 MP: 46/46
 40849 | Depths:1 | Found a one-way gate to the infinite horrors of the Abyss.
 40889 | Depths:1 | Noticed Sojobo
 40901 | Depths:1 | Killed from afar by Sojobo

Illustrated notes

Levels and vault maps discovered:
D:1:      arrival_zaba_pyramid, layout_basic, minmay_statues_item
D:2:      layout_rooms, basic_ecumenical_altar, uniq_terence, uniq_robin
D:3:      layout_loops_ring, ebering_ghost_disaster_area
D:4:      cheibrodos_old_hovel, layout_rooms, portal_sewer_entry_b
D:5:      layout_basic, mainiacjoe_overflow_brackets, uniq_edmund, uniq_sigmund,
          uniq_grinder, uniq_pikel
D:6:      layout_basic, serial_shops, kennysheep_mini_moat, nicolae_shop_trees,
          nicolae_shop_crystal, kennysheep_little_box, shop_scrolls
D:7:      layout_gridville, minmay_temple_entry_mini_moons, minmay_between
D:8:      layout_cave_pools, serial_shops, shop, serial_gnoll_camp,
          gnoll_camp_mini_basic, gnoll_camp_mini_hut, gnoll_camp_mini_house,
          gnoll_camp_mini_loothouse, gnoll_camp_mini_doghouse
D:9:      lemuel_bear_cage, layout_basic, enter_bailey_5, minivault_25,
          minmay_guarded_unrand_staff_of_olgreb
D:10:     layout_cave_pools, nicolae_overflows_in_rows, bloody_makhleb,
          orc_0_dummy
D:11:     layout_basic, david_lair_shrubbed, minivault_27, trog_ov_bears_minmay
D:12:     layout_rooms, zin_academy
D:13:     minmay_inside_and_out, layout_grid_maze, david_vaults_2, uniq_frances
D:14:     layout_small_grid, dreamdust_wishing_well
D:15:     hangedman_depths_entry_civil_slaughter, layout_basic,
          portal_ice_cave_entry_dragon, uniq_louise
Temple:   hellmonk_temple_rainy
Lair:1:   layout_misc_corridors, basic_altar, tgw_fedhas
Lair:2:   layout_loops_ring, nicolae_snake_entry_squirm
Lair:3:   layout_regular_city, minmay_swamp_entry_reptiles, beast_lair_carwin_10
Lair:4:   layout_concentric_octagons, lemuel_fruit_tree, grunt_megastairs_2
Lair:5:   evil_forest, layout_regular_city, dpeg_slime_entry_enclosed,
          infiniplex_staircase_pool_2, uniq_urug, uniq_sonja
Swamp:1:  layout_falls_marsh, evilmike_swamp_ruin_house_3, swamp_pool1,
          worms_lemuel
Swamp:2:  layout_basic_swamp, evilmike_swamp_ruin_rubble_2
Swamp:3:  layout_basic_swamp, evilmike_swamp_ruin_house_4, swamp_pool3
Swamp:4:  swamp_icy, layout_basic_swamp, swamp_pool1, uniq_mlioglotl
Snake:1:  layout_layer_cave, serial_shops, nicolae_shop_overgrown_old_shop,
          ebering_ghost_gozag, uniq_josephine
Snake:2:  layout_chambers, serial_bayou_lake_a
Snake:3:  layout_chambers, nicolae_shop_self_help, uniq_aizul
Snake:4:  snake_pit_salamanders_mu, layout_gridlike, basic_altar, uniq_vashnia
Slime:1:  layout_caves
Slime:2:  layout_caves
Slime:3:  layout_caves
Slime:4:  layout_caves
Slime:5
Orc:1:    layout_caves, mines2_david
Orc:2:    pf_orc_diabolical, layout_caves, basic_altar
Vaults:1: gammafunk_ghost_split, serial_ice_m, serial_ice_g,
          hangedman_vaults_cutoff, v_misc_4, ontoclasm_vaults_idyll,
          vaults_room_hallway, st_spiral_rooms, vaults_dpeg_ring,
          nicolae_vaults_ring_of_whatevers, v_misc_25,
          grunt_vaults_hallway_short, vaults_room_corners,
          nicolae_vaults_little_squares_2, v_misc_24, ontoclasm_vaults_shuriken,
          vaults_mumra_hexcomb, layout_vaults_omnibox, uniq_asterion,
          uniq_saint_roka
Vaults:2: v_rooms_2, v_misc_19, nicolae_vaults_network_quinsquares
          [nicolae_vaults_network_quincunx_subvault,
          nicolae_vaults_network_quincunx_subvault,
          nicolae_vaults_network_quincunx_subvault,
          nicolae_vaults_network_quincunx_subvault], v_misc_29,
          hangedman_vaults_pinch, nicolae_vaults_mini_display_case,
          hangedman_vaults_unwind, v_misc_14, layout_vaults_chaotic_city
Vaults:3: nicolae_vaults_puzzle_piece, hangedman_vaults_stagger,
          vaults_room_glass_cross, minmay_crypt_entry_simple_walls, v_misc_17,
          v_alt_pattern_5, serial_ice_m, vaults_dpeg_diagonal, v_misc_26,
          ontoclasm_vaults_fault, v_misc_26, hangedman_vaults_corner,
          nicolae_vaults_little_squares_5, layout_vaults_maze_bifur, uniq_mara,
          uniq_margery
Vaults:4: v_misc_22, v_misc_26, nicolae_vaults_network_barrier,
          nicolae_vaults_ring_of_whatevers, nicolae_vaults_triangles,
          grunt_vaults_funnel, ontoclasm_vaults_loading_screen,
          vaults_room_stairs_pillars, layout_vaults_omnigrid
Vaults:5: serial_shops
Depths:1: layout_basic, nicolae_hell_entry_hellmouth_sunbeams,
          hangedman_abyss_entry_splay, evilmike_minifort, uniq_sojobo

Skill      XL: |  1  2  3  4  5  6  7  8  9 10 11 12 13 14 15 16 17 18 19 20 21 22 23 |
---------------+----------------------------------------------------------------------+-----
Ranged Weapons | 3 4 5 6 8 9 11 14 16 17 18 19 22 | 22.0
Invocations    | 4 6 8 10 12 14 15 | 15.0
Shields        | 3 5 6 |  6.0
Fighting       | 6 7 9 10 | 10.0
Translocations | 3 7 |  7.5
Hexes          | 4 7 8 13 16 18 | 18.9
Spellcasting   | 3 6 7 13 16 18 | 18.7
Dodging        | 7 13 18 19 22 | 22.0
Transmutations | 1 |  1.7
Evocations     | 6 10 14 | 14.2
Stealth        | 7 14 | 14.2

Action                     |  1- 3 |  4- 6 |  7- 9 | 10-12 | 13-15 | 16-18 | 19-21 | 22-24 || total
---------------------------+-------+-------+-------+-------+-------+-------+-------+-------++-------
  Melee: Hand crossbow     |       |       |       |       |     1 |       |       |       ||     1
   Fire: Sling             |   129 |   273 |   330 |       |       |       |       |       ||   732
         Shortbow          |       |       |    79 |   461 |       |       |       |       ||   540
         Hand crossbow     |       |       |       |       |  1286 |   607 |  2071 |  1019 ||  4983
   Cast: Slow              |       |     1 |    31 |    42 |    16 |       |     4 |       ||    94
         Portal Projectile |       |       |       |       |     2 |     2 |    14 |     7 ||    25
         Cause Fear        |       |       |       |       |       |       |     6 |     6 ||    12
         Blink             |       |       |       |       |       |       |       |     1 ||     1
         Discord           |       |       |       |       |       |       |       |     1 ||     1
 Invoke: Heroism           |       |       |       |       |     5 |     5 |    11 |     4 ||    25
         Finesse           |       |       |       |       |     1 |     3 |     3 |     3 ||    10
  Evoke: Wand              |       |       |     1 |     3 |       |     4 |       |       ||     8
    Use: Potion            |       |     3 |     2 |    10 |     3 |     2 |     8 |     4 ||    32
         Scroll            |       |     1 |       |    16 |     9 |     3 |    16 |     8 ||    53
 Armour: Robe              |     2 |    11 |       |       |    19 |     9 |    27 |       ||    68
         Animal skin       |       |       |     6 |     4 |       |       |       |       ||    10
         Troll leather arm |       |       |       |       |       |       |     7 |    46 ||    53
  Dodge: Dodged            |    40 |   148 |    33 |    62 |   212 |   225 |   817 |   691 ||  2228
  Block: Other             |    17 |    32 |    11 |    20 |       |       |     2 |       ||    82
         Reflection        |     2 |       |     1 |     4 |    33 |    21 |    49 |    88 ||   198
         Buckler           |       |       |       |       |   214 |   165 |   547 |   498 ||  1424

Table legend: (Time is in decaauts)
 A = Elapsed time spent in this place.
 B = Non-inter-level travel time spent in this place.
 C = Inter-level travel time spent in this place.
 D = Time resting spent in this place.
 E = Time spent auto-exploring this place.
 F = Levels seen in this place.
 G = Mean time per level.
                   A        B        C        D        E       F      G
               +--------+--------+--------+--------+--------+-----+--------+
         Total |  29603 |  26322 |   3281 |    932 |      0 |  45 |  657.8 |
       Dungeon |   7965 |   6932 |   1033 |    194 |      0 |  15 |  531.0 |
        Temple |     12 |     12 |      0 |      0 |      0 |   1 |   12.0 |
          Lair |   3313 |   2765 |    548 |      9 |      0 |   5 |  662.6 |
         Swamp |   2129 |   1935 |    194 |     26 |      0 |   4 |  532.2 |
     Snake Pit |   4006 |   3569 |    437 |    335 |      0 |   4 | 1001.5 |
    Slime Pits |   3729 |   3406 |    323 |    268 |      0 |   5 |  745.8 |
  Orcish Mines |   1208 |   1097 |    111 |      3 |      0 |   2 |  604.0 |
        Vaults |   5796 |   5163 |    633 |     97 |      0 |   5 | 1159.2 |
        Depths |    286 |    286 |      0 |      0 |      0 |   1 |  286.0 |
         Sewer |    339 |    339 |      0 |      0 |      0 |   1 |  339.0 |
        Bailey |    406 |    406 |      0 |      0 |      0 |   1 |  406.0 |
      Ice Cave |    408 |    408 |      0 |      0 |      0 |   1 |  408.0 |
               +--------+--------+--------+--------+--------+-----+--------+

Top non-repeatable levels by time:
Vaults:5: 1455 daAuts
  Lair:5: 1296 daAuts
 Snake:4: 1180 daAuts
Vaults:4: 1175 daAuts
 Snake:2: 1171 daAuts
Vaults:1: 1103 daAuts
Vaults:3: 1092 daAuts
   Orc:2: 1010 daAuts
 Slime:2: 997 daAuts
Vaults:2: 970 daAuts
 Snake:1: 934 daAuts
 Slime:4: 884 daAuts
 Slime:3: 792 daAuts
 Swamp:1: 787 daAuts
     D:5: 773 daAuts
